 Dungeon Crawl Stone Soup version 0.16-a0-3661-g910cf96 (console) character file.

158680 MrRokkomies the Bludgeoner (level 17, 0/157 HPs)
             Began as an Ogre Ice Elementalist on Jan 15, 2015.
             Was the Champion of Ru.
             Slain by an anaconda (12 damage)
             ... on level 2 of the Snake Pit on Jan 17, 2015.
             The game lasted 04:20:35 (50689 turns).

MrRokkomies the Bludgeoner (Ogre Ice Elementalist) Turns: 50689, Time: 04:20:35

Health: 0/157      AC: 17    Str: 15    XL:     17   Next: 72%
Magic:  0/29       EV: 11    Int: 19    God:    Ru [******]
Gold:   2737       SH:  7    Dex:  8    Spells: 7 memorised, 1 level left

rFire  . . .     SeeInvis .     a - +4 giant spiked club
rCold  . . .     Clarity  .     V - +2 robe {Archmagi}
rNeg   . . .     SustAb   .     (shield restricted)
rPois  +         Gourm    .     d - +2 hat
rElec  .         Spirit   +     v - +2 cloak
rCorr  .         Warding  .     (gloves unavailable)
rMut   .         Stasis   .     (boots unavailable)
MR     +....                    S - amulet of guardian spirit
Stlth  ..........               o - ring of poison resistance
                                W - ring of protection from magic

@: icy armour, icy shield, constricted, repel missiles, drained, somewhat
resistant to hostile enchantments, extremely unstealthy
A: unfitting armour, horns 1, clumsy 1, frail 1, tough skin 1, weak 1, no
stealth, hated by all, inability to train armour, slow reflexes 1, magic
vulnerability 1
a: Draw Out Power, Power Leap, Apocalypse, Renounce Religion


You were on level 2 of the Snake Pit.
You worshipped Ru.
Ru was exalted by your worship.
You were hungry.

You visited 4 branches of the dungeon, and saw 31 of its levels.
You also visited: Labyrinth, Ossuary and Ice Cave.

You collected 3573 gold pieces.
You spent 836 gold pieces at shops.

Inventory:

Hand weapons
 a - a +4 giant spiked club (weapon)
 b - a +5 blowgun
 C - the +10 dire flail "Nuqoen" {holy, rF+ MR+ Str+3}
   (You found it in an ice cave)

   It has been blessed by the Shining One to cause great damage to the undead
   and demons.
   It affects your strength (+3).
   It protects you from fire.
   It affects your resistance to hostile enchantments.
Missiles
 r - 2 throwing nets
 O - 15 large rocks (quivered)
 U - 25 poisoned needles
Armour
 d - a +2 hat (worn)
 v - a +2 cloak (worn)
 V - a +2 robe of the Archmagi (worn)
Rods
 L - a +0 rod of inaccuracy (9/9)
   (You found it on level 10 of the Dungeon)
Jewellery
 e - an uncursed ring of protection from fire
 o - a ring of poison resistance (right hand)
 p - an uncursed amulet of resist mutation
 E - an uncursed ring of see invisible
 N - an uncursed ring of protection from fire
 S - an amulet of guardian spirit (around neck)
 W - a ring of protection from magic (left hand)
Magical devices
 u - a wand of fireball (0)
 A - a wand of heal wounds (3)
 F - a wand of cold (9)
 G - a wand of confusion (33)
 H - a wand of fire (6)
 K - a wand of cold (6)
 Q - a wand of disintegration (12)
 X - a wand of lightning (5)
Scrolls
 g - 4 scrolls of immolation
 m - 3 scrolls of recharging
 q - 9 scrolls of remove curse
 J - 3 scrolls of magic mapping
 M - 6 scrolls of teleportation
 T - 4 scrolls of identify
 Y - 3 scrolls of fog
Potions
 f - 3 potions of haste
 i - 4 potions of might
 j - a potion of curing
 k - 2 potions of heal wounds
 t - 6 potions of brilliance
 x - 2 potions of agility
 z - 3 potions of flight
 B - a potion of restore abilities
 D - 2 potions of resistance
 I - 3 potions of berserk rage
 P - a potion of magic
 R - 4 potions of cancellation
Books
 n - a book of Annihilations {highlevel, unknown}

   This book is beyond your current level of understanding.

   Spells                             Type                      Level
   a - Poison Arrow                   Conjuration/Poison           6
   b - Chain Lightning                Conjuration/Air              8
   c - Lehudib's Crystal Spear        Conjuration/Earth            8
   d - Glaciate                       Conjuration/Ice              9
   e - Fire Storm                     Conjuration/Fire             9
 y - Roxanne's Reference Book on the Unstable Rocks
   (You took it off Roxanne on level 3 of the Snake Pit)

   Spells                             Type                      Level
   a - Stoneskin                      Transmutation/Earth          2
   b - Lee's Rapid Deconstruction     Earth                        5
   c - Iron Shot                      Conjuration/Earth            6
   d - Statue Form                    Transmutation/Earth          6
Comestibles
 c - 11 meat rations
 h - 6 slices of pizza
 l - 30 fruits
 s - 11 bread rations
 Z - 2 poisonous chunks of flesh


   Skills:
 * Level 12.6(12.2) Fighting
 - Level 19.0(18.6) Maces & Flails
 * Level 4.5(4.2) Throwing
 - Level 15.1(14.8) Dodging
 - Level 2.4(2.1) Spellcasting
   Level 0.6(0.3) Conjurations
 - Level 4.0(3.7) Charms
 - Level 8.0(7.7) Necromancy
 - Level 4.0(3.7) Translocations
 - Level 8.0(7.7) Ice Magic
 - Level 10.0(9.6) Evocations


You had one spell level left.
You knew the following spells:

 Your Spells              Type           Power        Failure   Level  Hunger
a - Freeze                Ice            ####         1%          1    #......
b - Ozocubu's Armour      Chrm/Ice       #####...     6%          3    ###....
c - Condensation Shield   Ice            #####.....   10%         4    #####..
d - Blink                 Tloc           N/A          8%          2    ##.....
e - Shroud of Golubria    Chrm/Tloc      ###.......   8%          2    ##.....
f - Cigotuvi's Embrace    Necr           #####.....   21%         5    ######.
g - Repel Missiles        Chrm/Air       ##....       14%         2    ##.....


Dungeon Overview and Level Annotations

Branches:
Dungeon (15/15)            Temple (0/1) D:4            Lair (8/8) D:10
 Shoals (0/5) Lair:4        Snake (4/5) Lair:4        Slime (0/6) Lair:7
    Orc (4/4) D:11            Elf (0/3) Orc:3        Vaults (0/5) D:14
 Depths (0/5) D:15

Altars:
Ashenzari
Cheibriados
Dithmenos
Gozag
Kikubaaqudgha
Makhleb
Nemelex Xobeh
Okawaru
Ru
Sif Muna
Xom
Yredelemnul
Zin
The Shining One
Beogh

Shops:
D:10 !   Orc:4 }(((


Innate Abilities, Weirdness & Mutations

You are too large for most types of armour.
You are clumsy. (Dex -2)
You are frail (-10% HP).
You have tough skin (AC +1).
You are weak. (Str -2)
You cannot be stealthy.
You are hated by all.
You cannot train Armour skill.
You have somewhat slow reflexes. (-3 EV)
You are slightly vulnerable to magic.
You have a pair of small horns on your head.


Message History

* * * LOW HITPOINT WARNING * * *
The anaconda constricts you. The anaconda bites you!
* * * LOW HITPOINT WARNING * * *
You focus your will and blind the anaconda in retribution!
* * * LOW HITPOINT WARNING * * *
The anaconda constricts you.
You sock the anaconda! Your headbutt misses the anaconda.
The anaconda is heavily wounded.
The anaconda bites you but does no damage.
* * * LOW HITPOINT WARNING * * *
The anaconda constricts you.
Casting: Condensation Shield
Confirm with . or Enter, or press ? or * to list all spells.
You feel a surge of power!
Your attempt to break free from the anaconda fails, but you feel that another attempt might succeed.
You feel less exhausted. The anaconda bites you.
* * * LOW HITPOINT WARNING * * *
The anaconda constricts you. The anaconda bites you!
You die...

#.....#....#
#.....#....#
#.....#....#
#####...(..#
#....#.#.###
#......#.#
#........#
#........#
####...@.#
#..S#>#
#######


You could see an anaconda (blind).

Vanquished Creatures
  Kirke (Snake:3)
  Frances (Snake:3)
  Roxanne (Snake:3)
  Donald (Snake:3)
  An orc warlord (Orc:3)
  Maud (Lair:7)
  A minotaur (Lab)
  A fire dragon (Lair:8)
  An ettin (Orc:3)
  Josephine (Orc:4)
  An ogre mage (D:14)
  8 vault guards
  Fannar (Orc:4)
  2 ice dragons (D:15)
  Harold (D:11)
  7 naga warriors
  Nessos (D:11)
  4 hydras
  Erica (Lair:1)
  4 centaur warriors
  7 death yaks
  8 anacondas
  3 shock serpents
  4 orc high priests
  9 naga sharpshooters
  A small abomination (Orc:3)
  An ice devil (IceCv)
  A salamander mystic (Snake:3)
  A soul eater (Orc:4)
  3 skeletal warriors (D:15)
  3 unseen horrors
  4 naga ritualists (Snake:3)
  10 hill giants
  2 ice statues (IceCv)
  Pikel (D:8)
  A necromancer (IceCv)
  A deep elf summoner (Orc:3)
  2 wolf spider zombies (D:14)
  2 wolf spiders (Lair:8)
  2 hornets (Lair:8)
  10 orc knights
  5 orc sorcerers
  7 salamanders
  7 ugly things
  2 griffons
  3 mana vipers
  A manticore (D:14)
  12 elephants
  4 cyclopes
  30 black mambas
  A rust devil (Snake:3)
  10 naga magi
  2 centaur zombies
  2 guardian serpents
  Joseph (D:11)
  A queen ant (Lair:5)
  3 torpor snails
  A molten gargoyle (Lair:5)
  A smoke demon (Snake:3)
  3 gargoyles
  14 spiny frogs
  9 komodo dragons
  An efreet (D:15)
  A fire drake (Lair:8)
  A yaktaur (D:15)
  A hellwing (Snake:3)
  The ghost of PolkaDot the Insei, an average DrMo (D:5)
  5 blue devils (IceCv)
  2 polar bears
  5 trolls
  3 deep elf priests (Orc:3)
  6 two-headed ogres
  5 blink frogs
  9 slime creatures
  A shadow (D:15)
  A deep elf mage (D:11)
  3 trapdoor spiders
  7 hogs (Snake:3)
  The ghost of Firos the Magician, an average VSTm (D:4)
  3 wyverns
  A deep elf fighter (D:13)
  A centaur simulacrum (D:14)
  53 yaks
  4 basilisks
  2 wraiths
  A steam dragon (Lair:8)
  22 wolves
  A hungry ghost (D:15)
  2 vampire mosquitoes (D:13)
  3 wargs
  10 hippogriffs
  Edmund (D:8)
  29 nagas
  Menkaure (Ossuary)
  5 mottled dragons
  9 soldier ants
  3 swamp drakes
  5 phantoms
  36 water moccasins
  12 porcupines
  2 sky beasts
  26 orc warriors
  15 ice beasts
  4 slaves (D:8)
  17 ogres
  5 spiders (Lair:8)
  A black bear (D:10)
  6 wasps
  14 centaurs
  A necrophage (D:13)
  2 big kobolds
  A gnoll sergeant (D:10)
  2 brain worms (D:12)
  13 crocodiles
  Blork the orc (D:6)
  18 giant frogs
  An earth elemental (Lab)
  5 scorpions
  16 killer bees
  17 wights
  2 draconian simulacra (IceCv)
  2 electric eels
  10 crimson imps
  A wasp zombie (D:10)
  A giant frog skeleton (D:10)
  A goliath beetle (D:10)
  8 centaur skeletons
  15 hounds
  28 orc priests
  29 worker ants
  6 jellies
  A hell rat (Orc:3)
  37 orc wizards
  11 iguanas
  2 troll simulacra (IceCv)
  2 spriggan simulacra (IceCv)
  18 sheep
  2 ogre skeletons (Orc:4)
  A hound skeleton (D:9)
  5 mummies
  2 worker ant zombies
  7 gnolls
  2 ogre simulacra (IceCv)
  52 river rats
  A giant mite (D:6)
  2 naga simulacra (IceCv)
  31 adders
  8 shadow imps
  3 worms
  2 ufetubi (Snake:3)
  An adder skeleton (D:6)
  An adder zombie (D:8)
  7 giant geckos
  5 oozes
  179 orcs
  18 bats
  3 giant cockroaches
  28 hobgoblins
  17 jackals
  14 quokkas
  4 ball pythons
  A giant cockroach zombie (D:5)
  6 giant newts
  A giant spore (D:7)
  7 gnoll skeletons (Ossuary)
  2 gnoll zombies (Ossuary)
  20 goblins
  4 goblin skeletons (Ossuary)
  8 goblin zombies
  6 hobgoblin skeletons (Ossuary)
  5 hobgoblin zombies (Ossuary)
  22 kobolds
  4 kobold skeletons (Ossuary)
  2 kobold zombies (Ossuary)
  3 orc skeletons
  12 orc zombies
  A quokka zombie (D:10)
  25 rats
  A rat skeleton (Ossuary)
  3 rat zombies
  4 ballistomycetes
  3 crawling corpses (Orc:3)
  3 fungi (Lair:8)
  A plant (Lair:8)
1372 creatures vanquished.

Vanquished Creatures (others)
  A mana viper (Snake:3)
  A naga mage (Snake:3)
  A troll (D:14)
  A yak (D:12)
  A water moccasin (Lair:7)
  A porcupine (Lair:7)
  An orc warrior (Orc:4)
  A centaur (D:15)
  An orc priest (D:12)
  An iguana (D:7)
  An orc wizard (D:15)
  4 orcs
  2 giant spores
  A goblin (Orc:1)
  A kobold zombie (Ossuary)
  An orc skeleton (Ossuary)
  8 fungi
  4 plants
32 creatures vanquished.

Grand Total: 1404 creatures vanquished

Notes
Turn   | Place    | Note
--------------------------------------------------------------
     0 | D:1      | MrRokkomies, the Ogre Ice Elementalist, began the quest for the Orb.
     0 | D:1      | Reached XP level 1. HP: 16/16 MP: 3/3
    70 | D:1      | Reached skill level 1 in Fighting
   285 | D:1      | Reached XP level 2. HP: 27/27 MP: 3/5
   606 | D:1      | Reached skill level 1 in Maces & Flails
   904 | D:1      | Reached XP level 3. HP: 35/35 MP: 6/6
  1153 | D:1      | Learned a level 3 spell: Ozocubu's Armour
  1522 | D:2      | Found a sparkling altar of Nemelex Xobeh.
  1529 | D:2      | Found a burning altar of Makhleb.
  1908 | D:2      | Reached skill level 3 in Fighting
  1908 | D:2      | Reached XP level 4. HP: 43/45 MP: 4/8
  2805 | D:3      | Noticed a sky beast
  2819 | D:3      | Killed a sky beast
  2819 | D:3      | Reached skill level 4 in Fighting
  2819 | D:3      | Reached XP level 5. HP: 15/55 MP: 9/9
  3017 | D:3      | Reached XP level 6. HP: 44/63 MP: 11/11
  3056 | D:3      | Found a basalt altar of Yredelemnul.
  3056 | D:3      | Found an iron altar of Okawaru.
  3549 | D:4      | Found a sacrificial altar of Ru.
  3567 | D:4      | Reached skill level 5 in Fighting
  3583 | D:4      | Became a worshipper of Ru the Awakened
  3634 | D:4      | Noticed Firos' ghost (average VSTm)
  3645 | D:4      | Killed Firos' ghost
  3645 | D:4      | Reached skill level 5 in Maces & Flails
  3645 | D:4      | Reached XP level 7. HP: 72/72 MP: 12/12
  3783 | D:4      | Reached skill level 6 in Maces & Flails
  3977 | D:4      | Found a staircase to the Ecumenical Temple.
  4607 | D:4      | Learned a level 4 spell: Condensation Shield
  4624 | D:5      | Entered Level 5 of the Dungeon
  4697 | D:5      | Noticed PolkaDot's ghost (average DrMo)
  4733 | D:5      | Killed PolkaDot's ghost
  4733 | D:5      | Reached skill level 7 in Maces & Flails
  4736 | D:5      | Reached XP level 8. HP: 31/80 MP: 8/14
  5068 | D:5      | Learned a level 2 spell: Blink
  5441 | D:4      | Gained mutation: You are hated by all. [Ru sacrifice]
  5441 | D:4      | Acquired Ru's first power
  5698 | D:5      | Reached skill level 8 in Maces & Flails
  6124 | D:5      | Reached skill level 5 in Ice Magic
  7086 | D:6      | Reached skill level 9 in Maces & Flails
  7873 | D:6      | Reached XP level 9. HP: 72/88 MP: 15/15
  8291 | D:6      | Reached skill level 10 in Maces & Flails
  8383 | D:6      | Found an ancient bone altar of Kikubaaqudgha.
  8383 | D:6      | Found a shadowy altar of Dithmenos.
  8388 | D:6      | Found a shimmering altar of Xom.
  8648 | D:6      | Noticed Blork the orc
  8665 | D:6      | Killed Blork the orc
  8675 | D:6      | Found a deep blue altar of Sif Muna.
  8797 | D:7      | Learned a level 2 spell: Shroud of Golubria
  8963 | D:7      | Reached skill level 11 in Maces & Flails
  9406 | D:7      | Gained mutation: You are weak. (Str -2) [Ru sacrifice]
 10147 | D:7      | Gained mutation: You have a pair of small horns on your head. [potion of beneficial mutation]
 10370 | D:7      | Found an opulent altar of Gozag.
 10372 | D:7      | Found a snail-covered altar of Cheibriados.
 10574 | D:7      | Reached skill level 1 in Translocations
 10830 | D:8      | Noticed Pikel
 10841 | D:8      | Reached skill level 12 in Maces & Flails
 10841 | D:8      | Reached XP level 10. HP: 96/96 MP: 10/17
 10871 | D:8      | Killed Pikel
 11133 | D:8      | Noticed Edmund
 11142 | D:8      | Killed Edmund
 11242 | D:8      | Found a sand-covered staircase.
 11249 | Ossuary  | Entered an ossuary
 11391 | Ossuary  | Reached skill level 13 in Maces & Flails
 11533 | Ossuary  | Noticed Menkaure
 11544 | Ossuary  | Killed Menkaure
 12071 | D:9      | Reached skill level 1 in Charms
 12501 | D:9      | Found a glowing golden altar of the Shining One.
 12586 | D:10     | Entered Level 10 of the Dungeon
 12634 | D:10     | Reached skill level 14 in Maces & Flails
 12801 | D:10     | Reached XP level 11. HP: 94/102 MP: 8/18
 12897 | D:10     | Killed an unseen horror
 13600 | D:10     | Identified a +0 rod of inaccuracy (9/9) (You found it on level 10 of the Dungeon)
 13890 | D:10     | Noticed a hill giant
 13903 | D:10     | Killed a hill giant
 13976 | D:10     | Reached skill level 15 in Maces & Flails
 13981 | D:10     | Found Smunomoy's Distillery.
 14362 | D:10     | Found a staircase to the Lair.
 14463 | Lair:1   | Entered Level 1 of the Lair of Beasts
 15223 | Lair:1   | Found a glowing silver altar of Zin.
 15353 | Lair:1   | Upgraded the game from 0.16-a0-3636-gf0307c9 to 0.16-a0-3643-g096a701
 15407 | Lair:1   | Noticed Erica
 15552 | Lair:1   | Killed Erica
 15759 | Lair:2   | Noticed a four-headed hydra
 15763 | Lair:2   | Killed a four-headed hydra
 15763 | Lair:2   | Reached skill level 16 in Maces & Flails
 15763 | Lair:2   | Reached XP level 12. HP: 120/123 MP: 19/19
 15976 | Lair:2   | Gained mutation: You cannot be stealthy. [Ru sacrifice]
 15976 | Lair:2   | Acquired Ru's second power
 16699 | Lair:2   | Reached skill level 10 in Fighting
 17142 | Lair:3   | Noticed a death yak
 17160 | Lair:3   | Killed a death yak
 17917 | Lair:4   | Noticed a death yak
 17947 | Lair:4   | Killed a death yak
 17947 | Lair:4   | Reached skill level 17 in Maces & Flails
 18313 | Lair:4   | Found a staircase to the Shoals.
 18578 | Lair:4   | Gained mutation: You have somewhat slow reflexes. (-3 EV) [Ru sacrifice]
 18578 | Lair:4   | Acquired Ru's third power
 18662 | Lair:4   | Found a staircase to the Snake Pit.
 18736 | Lair:4   | Reached skill level 5 in Dodging
 19818 | Lair:5   | Reached XP level 13. HP: 125/133 MP: 12/20
 19868 | Lair:5   | Reached skill level 18 in Maces & Flails
 19900 | Lair:5   | Noticed a four-headed hydra
 19908 | Lair:5   | Killed a four-headed hydra
 20877 | Lair:5   | Noticed an eight-headed hydra
 20881 | Lair:5   | Killed an eight-headed hydra
 21601 | Lair:6   | Gained mutation: You cannot train Armour skill. [Ru sacrifice]
 21601 | Lair:6   | Acquired Ru's fourth power
 21952 | Lair:6   | Reached skill level 19 in Maces & Flails
 22092 | Lair:6   | Reached skill level 1 in Evocations
 23062 | Lair:7   | Found a staircase to the Slime Pits.
 23449 | Lair:7   | Identified the Compendium of Battle Magic
 23550 | Lair:7   | Noticed Maud
 23567 | Lair:7   | Killed Maud
 24075 | Lair:6   | Reached XP level 14. HP: 29/143 MP: 9/21
 24609 | Lair:8   | Entered Level 8 of the Lair of Beasts
 24619 | Lair:8   | Reached skill level 5 in Evocations
 25849 | Lair:8   | Gained mutation: You are slightly vulnerable to magic. [Ru sacrifice]
 25849 | Lair:8   | Acquired Ru's fifth power
 25871 | Lair:8   | Reached skill level 10 in Dodging
 27753 | Lair:1   | Learned a level 5 spell: Cigotuvi's Embrace
 27983 | D:11     | Noticed Nessos
 27984 | D:11     | Noticed Harold
 28255 | D:11     | Killed Nessos
 28327 | D:11     | Killed Harold
 28693 | D:11     | Gained mutation: You are clumsy. (Dex -2) [Ru sacrifice]
 28901 | D:11     | Noticed Joseph
 28918 | D:11     | Killed Joseph
 29126 | D:11     | Found a staircase to the Orcish Mines.
 29371 | Orc:1    | Entered Level 1 of the Orcish Mines
 30967 | Orc:1    | Reached XP level 15. HP: 53/149 MP: 24/27
 31279 | Orc:1    | Found a roughly hewn altar of Beogh.
 31903 | Orc:3    | Found a staircase to the Elven Halls.
 33258 | Orc:3    | Upgraded the game from 0.16-a0-3643-g096a701 to 0.16-a0-3661-g910cf96
 33276 | Orc:4    | Entered Level 4 of the Orcish Mines
 33340 | Orc:4    | Noticed Fannar
 33368 | Orc:4    | Killed Fannar
 34207 | Orc:4    | Paralysed by an orc sorcerer for 5 turns
 34251 | Orc:4    | Noticed Josephine
 34260 | Orc:4    | Killed Josephine
 35188 | Orc:4    | Reached skill level 10 in Evocations
 35230 | Orc:4    | Found Iso Buipn's Gadget Shoppe.
 35243 | Orc:4    | Found Wino's Antique Weapon Shop.
 35245 | Orc:4    | Bought a wand of heal wounds (5) for 756 gold pieces
 35246 | Orc:4    | Found Hannamed's Weapon Shop.
 35248 | Orc:4    | Found Othrar's Antique Weapon Shoppe.
 35257 | Orc:4    | Bought a runed blowgun for 80 gold pieces
 35264 | Orc:4    | Reached skill level 1 in Necromancy
 35561 | D:11     | Paralysed by a wasp for 2 turns
 35585 | D:12     | Found a labyrinth entrance.
 35598 | Lab      | Entered a labyrinth
 35825 | Lab      | Identified the Almanac of the Glacier and Displacement
 37344 | D:13     | Found a sparkling altar of Nemelex Xobeh.
 37916 | D:13     | Gained mutation: You are frail (-10% HP). [Ru sacrifice]
 38169 | D:14     | Paralysed by an ogre mage for 6 turns
 38451 | D:14     | Found a gate to the Vaults.
 38455 | D:14     | Reached XP level 16. HP: 102/142 MP: 29/29
 39216 | D:14     | Reached skill level 5 in Necromancy
 39636 | D:15     | Entered Level 15 of the Dungeon
 39636 | D:15     | Found a frozen archway.
 39698 | IceCv    | Entered an ice cave
 40287 | IceCv    | Got a crystal dire flail
 40289 | IceCv    | Got a heavily runed pearl dragon armour
 40307 | IceCv    | Identified the cursed -3 pearl dragon armour of the Amoeba {rElec rN+} (You found it in an ice cave)
 40307 | IceCv    | Identified the +10 dire flail "Nuqoen" {holy, rF+ MR+ Str+3} (You found it in an ice cave)
 42193 | D:15     | Found a staircase to the Depths.
 42420 | Lair:1   | Learned a level 2 spell: Repel Missiles
 42737 | Snake:1  | Entered Level 1 of the Snake Pit
 42863 | Snake:1  | Found a snail-covered altar of Cheibriados.
 44354 | Snake:2  | Found a shattered altar of Ashenzari.
 44840 | Snake:2  | Reached XP level 17. HP: 44/149 MP: 29/29
 45064 | Snake:2  | Reached skill level 15 in Dodging
 46571 | Snake:3  | Noticed Kirke
 46582 | Snake:3  | Killed Kirke
 46832 | Snake:3  | Noticed Frances
 47275 | Snake:3  | Killed Frances
 48269 | Snake:3  | Noticed Roxanne
 48924 | Snake:3  | Reached skill level 1 in Throwing
 48959 | Snake:3  | Noticed Donald
 49342 | Snake:3  | Killed Donald
 50445 | Snake:3  | Killed Roxanne
 50447 | Snake:3  | Identified Roxanne's Reference Book on the Unstable Rocks (You took it off Roxanne on level 3 of the Snake Pit)
 50689 | Snake:2  | Slain by an anaconda

Action                   |  1- 3 |  4- 6 |  7- 9 | 10-12 | 13-15 | 16-18 || total
-------------------------+-------+-------+-------+-------+-------+-------++-------
Melee: Unarmed           |    87 |       |       |       |       |       ||    87
       Club              |    91 |       |       |       |       |       ||    91
       Whip              |    51 |    40 |       |       |       |       ||    91
       Flail             |       |   141 |   120 |       |       |       ||   261
       Giant spiked club |       |       |   338 |   868 |  1783 |   773 ||  3762
       Dire flail        |       |       |       |       |       |   163 ||   163
 Fire: Blowgun           |       |    13 |    35 |    64 |    42 |    16 ||   170
Throw: Stone             |    16 |       |     9 |     5 |     4 |       ||    34
       Throwing net      |       |       |       |       |     1 |     2 ||     3
       Large rock        |       |       |       |       |       |    52 ||    52
 Cast: Freeze            |    12 |    13 |    13 |       |       |       ||    38
       Ozocubu's Armour  |     2 |     1 |    12 |    35 |    55 |    32 ||   137
       Condensation Shie |       |       |     6 |    32 |    54 |    30 ||   122
       Blink             |       |       |     5 |     2 |    16 |     9 ||    32
       Shroud of Golubri |       |       |     3 |    31 |    45 |    13 ||    92
       Repel Missiles    |       |       |       |       |       |     8 ||     8
       Cigotuvi's Embrac |       |       |       |       |       |     2 ||     2
Invok: Sacrifice Love    |       |       |     1 |       |       |       ||     1
       Sacrifice Purity  |       |       |     1 |       |     1 |       ||     2
       Reject Sacrifices |       |       |       |     1 |       |       ||     1
       Sacrifice Health  |       |       |       |     1 |     1 |       ||     2
       Sacrifice Stealth |       |       |       |     1 |       |       ||     1
       Sacrifice Durabil |       |       |       |       |     1 |       ||     1
       Draw Out Power    |       |       |       |       |     2 |     2 ||     4
       Apocalypse        |       |       |       |       |     3 |     4 ||     7
       Sacrifice Essence |       |       |       |       |     1 |       ||     1
       Power Leap        |       |       |       |       |     3 |     8 ||    11
Evoke: Wand              |       |       |     4 |     5 |     6 |    14 ||    29
       Rod               |       |       |       |     9 |    18 |     3 ||    30
  Use: Scroll            |     3 |     9 |    14 |    17 |    15 |     4 ||    62
       Potion            |       |     2 |     5 |     4 |    15 |     9 ||    35
 Stab: Sleeping          |     1 |     1 |     5 |     9 |       |       ||    16
       Paralysed         |       |     2 |       |       |    31 |    29 ||    62
       Distracted        |       |       |     1 |       |     3 |     6 ||    10
       Invisible         |       |       |       |     3 |    33 |    19 ||    55
       Confused          |       |       |       |       |     3 |     1 ||     4
  Eat: Chunk             |     4 |     6 |    28 |    41 |    76 |    36 ||   191
       Beef jerky        |       |       |     2 |     2 |     1 |     1 ||     6
       Pizza             |       |       |     1 |     1 |       |     3 ||     5
       Fruit             |       |       |       |       |     3 |       ||     3
       Meat ration       |       |       |       |       |     1 |       ||     1
       Bread ration      |       |       |       |       |       |     2 ||     2
       Royal jelly       |       |       |       |       |       |     1 ||     1
